 Dungeon Crawl Stone Soup version 0.25-a0-857-g60a0bcd8b5 (webtiles) character file.

Game seed: 3256270890625039187, levelgen mode: deterministic

91 Lavandula the Slasher (level 4, 0/23 HPs)
             Began as a Vine Stalker Chaos Knight on Apr 26, 2020.
             Was a Plaything of Xom.
             Succumbed to an adder's poison
             ... on level 2 of the Dungeon.
             The game lasted 00:01:51 (804 turns).

Lavandula the Slasher (Vine Stalker Chaos Knight)    Turns: 804, Time: 00:01:52

Health: 0/23       AC:  6    Str: 15    XL:     4   Next: 59%
Magic:  5/5        EV: 11    Int: 12    God:    Xom [...*..]
Gold:   118        SH:  0    Dex: 14    Spells: 3/3 levels left

rFire    . . .     SeeInvis .   a - +0 falchion (chaos)
rCold    . . .     Gourm    .   (no shield)
rNeg     . . .     Faith    .   b - +2 leather armour
rPois    .         Spirit   +   e - +0 helmet (curse)
rElec    .         Reflect  .   (no cloak)
rCorr    .         Harm     .   (no gloves)
MR       .....                  (no boots)
Stlth    +.........             (no amulet)
HPRegen  0.47/turn              (no ring)
MPRegen  0.09/turn              (no ring)

@: confused, brilliant, lethally poisoned (0 -> -1)
A: fangs 2, regeneration 1, magic shield, antimagic bite, no potion heal 3, rot
immunity
a: Renounce Religion


You were on level 2 of the Dungeon.
You worshipped Xom.
You were a favourite toy of Xom.
You were not hungry.

You visited 1 branch of the dungeon, and saw 2 of its levels.

You collected 118 gold pieces.

Inventory:

Hand Weapons
 a - a +0 falchion of chaos (weapon)
Armour
 b - a +2 leather armour (worn)
 e - a cursed +0 helmet (worn)
Scrolls
 d - 3 scrolls of remove curse {unknown}
 g - a scroll of blinking {unknown}
Potions
 f - 2 potions of ambrosia
 h - a potion of brilliance
 i - a potion of heal wounds {unknown}
Comestibles
 c - 2 rations


   Skills:
 - Level 2.6 Fighting
 + Level 4.7 Long Blades
 - Level 1.5 Armour
 - Level 0.7 Dodging


You had 3 spell levels left.
You didn't know any spells.
Your spell library was empty.

Dungeon Overview and Level Annotations

Branches:
Dungeon (2/15)

Altars:


Innate Abilities, Weirdness & Mutations

You have extremely sharp teeth.
Your natural rate of healing is unusually fast.
When hurt, damage is shared between your health and your magic reserves.
Your bite disrupts and absorbs the magic of your enemies.
Potions cannot restore your health.
You are immune to rotting.


Message History

Something bites you but does no damage.
Unknown command.
It was a potion of ambrosia.
You are confused.
Your system rejects the healing.
You feel invigorated.
* * * LOW HITPOINT WARNING * * *
You feel sick. Something bites you but does no damage.
* * * LOW HITPOINT WARNING * * *
You feel sick. Something bites you.
You bump into the rock wall.
Something bites you.
You are more poisoned.
Something poisons you!
You bump into the rock wall.
* * * LOW HITPOINT WARNING * * *
You feel sick. Something bites you.
It was a potion of brilliance.
You feel clever all of a sudden.
Xom roars with laughter!
You die...
Xom guffaws!

#.##. # ..#.
######## #..%
.#...).# ...
##.###.# #.. ##.#
#.#####.. # ..†#
#.##....>####.#####
####
#.##....).{@.......
#.##..###..##.#####
#(##..###..# #
#..........#
####....##.....#
###
#.....[.########
..# ######...## ###
#.......# #.###...#


There were no monsters in sight!

Vanquished Creatures
  A leopard gecko (D:2)
  6 bats
  A giant cockroach (D:2)
  9 goblins
  7 hobgoblins
  8 kobolds
  A rat (D:1)
33 creatures vanquished.

Vanquished Creatures (collateral kills)
  An ogre (D:2)
  A goblin (D:2)
2 creatures vanquished.

Grand Total: 35 creatures vanquished

Notes
Turn   | Place    | Note
-------+----------+-------------------------------------------
     0 | D:1      | Lavandula the Vine Stalker Chaos Knight began the quest for
                  | the Orb.
     0 | D:1      | Reached XP level 1. HP: 11/11 MP: 2/2
    48 | D:1      | Reached skill level 3 in Long Blades
    50 | D:1      | Reached XP level 2. HP: 15/16 MP: 3/3
   536 | D:2      | Reached XP level 3. HP: 17/19 MP: 2/4
   617 | D:2      | Noticed an ogre
   617 | D:2      | XOM: cast spell 'Monstrous Menagerie'
   618 | D:2      | Killed an ogre
   618 | D:2      | Reached skill level 4 in Long Blades
   618 | D:2      | Gained mutation: Your natural rate of healing is unusually
                  | fast. [Vine Stalker growth]
   618 | D:2      | Reached XP level 4. HP: 20/23 MP: 5/5
   798 | D:2      | HP: 1/23 [something (3)]
   803 | D:2      | HP: 1/23 [poisoned by an adder]
   804 | D:2      | Succumbed to an adder's poison

Levels and vault maps discovered:
D:1:      nicolae_arrival_washed_ashore, layout_rooms, minmay_misc_feat_plants
D:2:      layout_basic

Skill      XL: |  1  2  3 |
---------------+----------+-----
Long Blades    | 3 4 |  4.7
Fighting       | |  2.6
Armour         | |  1.5
Dodging        | |  0.7

Action                   |  1- 3 |  4- 6 || total
-------------------------+-------+-------++-------
Melee: Falchion          |    49 |    41 ||    90
       Bite              |     8 |     9 ||    17
  Use: Potion            |       |     2 ||     2
 Stab: Sleeping          |     2 |       ||     2
Armor: Leather armour    |    25 |    28 ||    53
Dodge: Dodged            |    30 |    20 ||    50
       Rpst.: Falchion   |     9 |     7 ||    16

Table legend:
 A = Non-vault XP
 B = Vault XP
 C = Vault XP percentage of total XP
 D = Non-vault monster count
 E = Vault monster count
 F = Vault count percentage of total count
                 A         B        C        D         E       F
            +---------+---------+-------+---------+---------+-------
      Total |     131 |       0 |   0.0 |      35 |       0 |   0.0
            +---------+---------+-------+---------+---------+-------
        D:1 |      30 |       0 |   0.0 |      18 |       0 |   0.0
        D:2 |     101 |       0 |   0.0 |      17 |       0 |   0.0
            +---------+---------+-------+---------+---------+-------
